 Dungeon Crawl Stone Soup version 0.30-a0-1018-g25214051b3 (webtiles) character file.

Game seed: 5029907691614541807

28 ytrimaz the Chopper (level 3, 35/35 HPs)
             Began as a Gnoll Cinder Acolyte on Apr 8, 2023.
             Was a High Priest of Ignis.
             Quit the game on level 1 of the Dungeon.
             The game lasted 00:00:41 (659 turns).

ytrimaz the Chopper (Gnoll Cinder Acolyte)           Turns: 659, Time: 00:00:42

Health: 35/35      AC:  5    Str: 15    XL:     3   Next: 12%
Magic:  7/7        EV: 11    Int: 13    God:    Ignis [*****.]
Gold:   23         SH:  0    Dex:  7    Spells: 7/7 levels left

rFire   + . .      SeeInvis .    a - -1 hand axe (flame)
rCold   . . .      Faith    .    (no shield)
rNeg    . . .      Spirit   .    b - +0 robe
rPois   +          Reflect  .    (no helmet)
rElec   .          Rampage  .    c - +2 cloak {rPois}
rCorr   .                        (no gloves)
Will    .....                    (no boots)
Stlth   +                        (no amulet)
HPRegen 0.25/turn                (no ring)
MPRegen 0.10/turn                (no ring)

@: no status effects
A: fangs 1, strong nose, distributed training
a: Renounce Religion, Fiery Armour, Foxfire Swarm, Rising Flame


You were on level 1 of the Dungeon.
You worshipped Ignis.
Ignis was extremely pleased with you.
You visited 1 branch of the dungeon, and saw 1 of its levels.

You collected 23 gold pieces.


Innate Abilities, Weirdness & Mutations

You have very sharp teeth.
Your uncanny sense of smell can sniff out nearby items.
Your experience applies equally to all skills.


   Skills:
 + Level 6.5 Fighting
 + Level 0.7 Short Blades
 + Level 0.7 Long Blades
 + Level 6.5 Axes
 + Level 0.7 Maces & Flails
 + Level 0.7 Polearms
 + Level 0.7 Staves
 + Level 0.7 Ranged Weapons
 + Level 0.7 Throwing
 + Level 0.7 Armour
 + Level 0.7 Dodging
 + Level 0.7 Stealth
 + Level 0.7 Shields
 + Level 0.7 Unarmed Combat
 + Level 2.8 Spellcasting
 + Level 0.5 Conjurations
 + Level 0.5 Hexes
 + Level 0.5 Summonings
 + Level 0.5 Necromancy
 + Level 0.5 Translocations
 + Level 0.5 Transmutations
 + Level 5.4 Fire Magic
 + Level 0.5 Ice Magic
 + Level 0.5 Air Magic
 + Level 0.5 Earth Magic
 + Level 0.5 Poison Magic
 + Level 0.9 Invocations
 + Level 0.7 Evocations


You had 7 spell levels left.
You didn't know any spells.
Your spell library contained the following spells:

 Spells                   Type           Power      Damage    Failure   Level
 Scorch                   Fire           30%        2d6       3%          2

Inventory:

Hand Weapons
 a - a -1 hand axe of flaming (weapon)
Armour
 b - a +0 robe (worn)
 c - a +2 cloak of poison resistance (worn)
   (You found it on level 1 of the Dungeon)
Scrolls
 g - a scroll of enchant armour {unknown}
 h - 2 scrolls of silence {unknown}
Potions
 d - a potion of attraction {unknown}
 e - 2 potions of heal wounds {unknown}
 f - a potion of invisibility {unknown}
 i - a potion of cancellation {unknown}

Dungeon Overview and Level Annotations

Branches:
Dungeon (1/15) Zot: 5342

Altars:

........# #.# # ........#
.....#######.#
........#########.....##......#
......................##......# #
......................##......###
......................##....†....
.....)................ #....†....
..................# #.........
###.##........!.@.# #......### #
#.##...)........# #......# #
###.##.############ #......# #
8..8...# #......# # ..)....##
######.# #
.....)..#####################.# #
∩..∩..∩.......................# #
.....†)#.###################### #
.......#.#


There were no monsters in sight!


Message History

😕 HP[-1]
You take 1 damage, and now have 22/29 hp.
You closely miss the quokka. You hit the goblin. You burn the goblin.
You kill the goblin!
You hit the hobgoblin but do no damage. You hit the kobold but do no damage.
The hobgoblin barely misses you. The kobold completely misses you.
A ball python comes into view.
The quokka bites you but does no damage.
Unknown command.
The ball python hisses angrily.
You hit the quokka. You burn the quokka.
You kill the quokka!
You barely miss the kobold. You hit the hobgoblin but do no damage.
The hobgoblin hits you but does no damage.
The kobold barely misses you. 😕 HP[+1]
You hit the hobgoblin but do no damage. You hit the kobold.
You burn the kobold.
You kill the kobold!
The hobgoblin closely misses you.
You closely miss the hobgoblin. The hobgoblin misses you.
Unknown command.
You barely miss the hobgoblin.
You bite the hobgoblin, but do no damage.
The hobgoblin barely misses you.
You hit the hobgoblin but do no damage.
You bite the hobgoblin, but do no damage.
The hobgoblin barely misses you. 😕 HP[+1]
You hit the hobgoblin. You burn the hobgoblin.
You kill the hobgoblin!
You have reached level 3!
Your experience leads to an increase in your attributes!
Increase (S)trength, (I)ntelligence, or (D)exterity?
You feel stronger. x2 😕 HP[+5] MP[+2]
You now have 35 max hp (+6).
You regained 5 hp, and now have 29/35 hp.
Your mp is fully restored (7).
A ball python is nearby!
A ball python is nearby!
Unknown command.
You barely miss the ball python. The ball python barely misses you.
The ball python closely misses you.
You closely miss the ball python. Your bite misses the ball python.
The ball python bites you but does no damage.
The ball python completely misses you.
You closely miss the ball python. The ball python barely misses you.
The ball python grabs you.
The ball python constricts you. 😕 HP[+1]
You hit the ball python. You burn the ball python.
The ball python bites you but does no damage.
The ball python constricts you. The ball python bites you.
The ball python constricts you. 😕 HP[-2]
You take 2 damage, and now have 28/35 hp.
You closely miss the ball python.
The ball python bites you but does no damage.
The ball python constricts you.
You hit the ball python. You burn the ball python.
You kill the ball python!
Unknown command.
Key pressed, stopping explore.
No target in view! 😕 HP[+4]
You regained 4 hp, and now have 32/35 hp.
Key pressed, stopping explore. 😎 HP[+3]
Your hp is fully restored (35).
A kobold comes into view. It is wielding a +0 club.
The kobold shouts!
The kobold throws a stone.
The stone misses you.
A kobold is nearby!
The kobold throws a stone.
The stone barely misses you.
A kobold is nearby!
You hit the kobold but do no damage. The kobold closely misses you.
You hit the kobold. You burn the kobold.
You kill the kobold!
Unknown command.
No target in view!
Things that are here:
a +0 club; 4 stones No target in view!
i - a metallic green potion Unknown command.
Key pressed, stopping explore.
A ball python comes into view.
A ball python is nearby!
A ball python is nearby!
You see here 2 red potions.
Unknown command.
The ball python hisses angrily.
The ball python bites you but does no damage.
The ball python grabs you. The ball python constricts you.
You hit the ball python. You burn the ball python.
You kill the ball python!
You see here a ball python corpse.
Are you sure you want to abandon this character and quit the game? (Confirm with "yes".)

Action                     || total
---------------------------++-------
  Melee: Hand axe          ||    71
         Bite              ||     5
         Punch             ||     1
 Armour: Robe              ||    28
  Dodge: Dodged            ||    58

Levels and vault maps discovered:
D:1:      amcnicky_arrival_single_pillar, layout_basic,
          hellmonk_ecumenical_altar_arch_garden

Notes
Turn   | Place    | Note
-------+----------+-------------------------------------------
     0 | D:1      | ytrimaz the Gnoll Cinder Acolyte began the quest for the
                  | Orb.
     0 | D:1      | Reached XP level 1. HP: 23/23 MP: 4/4
     0 | D:1      | magus.rc [v1.9.6]
   388 | D:1      | Reached XP level 2. HP: 25/29 MP: 5/5
   580 | D:1      | Reached XP level 3. HP: 29/35 MP: 7/7
   659 | D:1      | Quit the game

Vanquished Creatures
  A dart slug (D:1)
  2 endoplasms (D:1)
  3 giant cockroaches (D:1)
  A goblin (D:1)
  3 hobgoblins (D:1)
  A quokka (D:1)
  3 ball pythons (D:1)
  3 bats (D:1)
  A frilled lizard (D:1)
  4 kobolds (D:1)
  A rat (D:1)
23 creatures vanquished.

Table legend:
 A = Non-vault XP
 B = Vault XP
 C = Vault XP percentage of total XP
 D = Non-vault monster count
 E = Vault monster count
 F = Vault count percentage of total count
                 A         B        C        D         E       F
            +---------+---------+-------+---------+---------+-------
      Total |      40 |       0 |   0.0 |      23 |       0 |   0.0
            +---------+---------+-------+---------+---------+-------
        D:1 |      40 |       0 |   0.0 |      23 |       0 |   0.0
            +---------+---------+-------+---------+---------+-------

Illustrated notes

Table legend:
 A = Kills in this place as a percentage of kills in the entire game.
 B = Kills by you in this place as a percentage of kills by you in the entire game.
 C = Kills by friends in this place as a percentage of kills by friends in the entire game.
 D = Other kills in this place as a percentage of other kills in the entire game.
 E = Experience gained in this place as a percentage of experience gained in the entire game.
 F = Experience gained in this place divided by the number of levels of this place that you have seen.
                   A       B       C       D       E      F
               +-------+-------+-------+-------+-------+----------------------
         Total | 100.0 | 100.0 |   N/A |   N/A | 100.0 |  40.0
       Dungeon | 100.0 | 100.0 |   N/A |   N/A | 100.0 |  40.0
               +-------+-------+-------+-------+-------+----------------------

Table legend: (Time is in decaauts)
 A = Elapsed time spent in this place.
 B = Non-inter-level travel time spent in this place.
 C = Inter-level travel time spent in this place.
 D = Time resting spent in this place.
 E = Time spent auto-exploring this place.
 F = Levels seen in this place.
 G = Mean time per level.
                   A        B        C        D        E       F      G
               +--------+--------+--------+--------+--------+-----+--------+
         Total |    657 |    645 |     12 |      0 |    486 |   1 |  657.0 |
       Dungeon |    657 |    645 |     12 |      0 |    486 |   1 |  657.0 |
               +--------+--------+--------+--------+--------+-----+--------+

Top non-repeatable levels by time:
     D:1: 657 daAuts
